 Dungeon Crawl Stone Soup version 0.20-a0-893-g832831a (webtiles) character file.

75342 dvd the Spear-Bearer (level 15, -2/211 HPs)
             Began as a Deep Dwarf Berserker on Mar 16, 2017.
             Was an Elder of Trog.
             Slain by Donald
             ... wielding a +5 demon trident of freezing
              (22 damage)
             ... on level 2 of the Orcish Mines.
             The game lasted 01:45:26 (20139 turns).

dvd the Spear-Bearer (Deep Dwarf Berserker)        Turns: 20139, Time: 01:45:27

Health: -2/211     AC: 34    Str: 28    XL:     15   Next: 9%
Magic:  16/16      EV: 16    Int: 13    God:    Trog [****..]
Gold:   1446       SH:  0    Dex: 18    Spells: 14/14 levels left

rFire    + . .     SeeInvis .   p - +4 halberd (protect)
rCold    . . .     Gourm    +   U - +3 fire dragon scales of Amma {rF++ rC- Int+4 Dex+3}
rNeg     + . .     Faith    .   (shield currently unavailable)
rPois    +         Spirit   .   K - +2 helmet
rElec    .         Reflect  .   E - +0 cloak
rCorr    .         Harm     .   u - +2 pair of gloves
MR       ++...                  (no boots)
Stlth    ..........             q - amulet of Zuneysin {Gourm rPois}
Regen    0.0/turn               M - ring of ice
MPRegen  0.2/turn               i - +2 ring of protection

@: berserking (expiring), protection aura, non-regenerating, very quick
A: damage resistance, heal wounds, talons 1, iridescent scales 1, blurry vision
1, negative energy resistance 1, sense surroundings 2, wild magic 1, no
regeneration
a: Heal Wounds, Berserk, Trog's Hand, Brothers in Arms, Burn Spellbooks,
Renounce Religion


You were on level 2 of the Orcish Mines.
You worshipped Trog.
Trog was greatly pleased with you.
You were very full.

You visited 4 branches of the dungeon, and saw 20 of its levels.
You also visited: Labyrinth, Ice Cave and Volcano.

You collected 1896 gold pieces.
You spent 450 gold pieces at shops.

Inventory:

Hand Weapons
 a - a +5 trident of venom
 h - the +5 long sword of the Volcano {flame, Str+3}
   (You found it in an ice cave)

   It has been specially enchanted to burn those struck by it, causing extra
   injury to most foes and up to half again as much damage against particularly
   susceptible opponents.
   Big, fiery blades are also staple armaments of hydra-hunters.
   It affects your strength (+3).
 p - a +4 halberd of protection (weapon)
 x - the +7 mace "Locarphe" {crush, +Fly rF+}
   (You found it on level 5 of the Lair of Beasts)

   It inflicts extra damage upon your enemies.
   It protects you from fire.
   It lets you fly.
 B - the +2 quarterstaff of Ywuguni {holy, rElec rF+++ Int-3 Dex+2}
   (You found it on level 6 of the Lair of Beasts)

   It has been blessed by the Shining One to cause great damage to the undead
   and demons.
   It affects your intelligence (-3).
   It affects your dexterity (+2).
   It renders you almost immune to fire.
   It insulates you from electricity.
 Y - a +2 battleaxe of flaming
Missiles
 D - 4 javelins (quivered)
 J - 7 tomahawks
 R - 11 tomahawks of returning
Armour
 u - a +2 pair of gloves (worn)
 E - a +0 cloak (worn)
 H - the +1 ring mail of Jiaruap {rN+ MR+ Int-5 Dex+4}
   (You bought it in a shop on level 2 of the Orcish Mines)

   It affects your intelligence (-5).
   It affects your dexterity (+4).
   It protects you from negative energy.
   It affects your resistance to hostile enchantments.
 I - the +5 scale mail of the Enchanted Forest {rN+ Str+2}
   (You bought it in a shop on level 2 of the Orcish Mines)

   It affects your strength (+2).
   It protects you from negative energy.
 K - a +2 helmet (worn)
 U - the +3 fire dragon scales of Amma (worn) {rF++ rC- Int+4 Dex+3}
   (You found it in a labyrinth)

   It affects your intelligence (+4).
   It affects your dexterity (+3).
   It greatly protects you from fire.
   It makes you vulnerable to cold.
 W - a +1 plate armour of cold resistance
Jewellery
 i - a +2 ring of protection (left hand)
 q - the amulet of Zuneysin (around neck) {Gourm rPois}
   (You found it on level 8 of the Dungeon)

   [amulet of the gourmand]

   It allows you to eat raw meat even when not hungry.
   It protects you from poison.
 M - a ring of ice (right hand)
 N - an uncursed ring of flight
 X - an uncursed ring of protection from fire
Wands
 b - a wand of iceblast (11/15)
 e - a wand of digging (21/24)
 z - a wand of lightning (15/15)
 L - a wand of confusion (18/48)
 Q - a wand of paralysis (16/24)
 Z - a wand of disintegration (17/24)
Scrolls
 k - 19 scrolls of identify
 l - a scroll of teleportation
 m - 2 scrolls of blinking
 o - 8 scrolls of remove curse
 G - 2 scrolls of brand weapon
 O - 3 scrolls of magic mapping
 S - a scroll of fear
 T - 2 scrolls of fog
Potions
 d - 4 potions of agility
 f - 2 potions of mutation
 j - 3 potions of resistance
 v - 2 potions of cancellation
 w - 9 potions of curing
 A - 4 potions of might
 F - a potion of haste
 P - a potion of flight
Miscellaneous
 r - a lightning rod (4/4)
 V - a lightning rod (4/4)
Comestibles
 c - 17 bread rations
 g - 12 meat rations
 t - 4 royal jellies
 y - 22 chunks of flesh
 C - 5 fruits


   Skills:
 + Level 11.1 Fighting
 + Level 7.7(13.3) Axes
 + Level 2.6(5.5) Maces & Flails
 + Level 14.3(14.8) Polearms
 + Level 2.4(10.0) Staves
 + Level 9.3 Throwing
 + Level 11.3 Armour
 + Level 8.8 Dodging
 + Level 3.6 Stealth
   Level 5.0 Shields
 + Level 1.3 Evocations


You had 14 spell levels left.
You didn't know any spells.

Dungeon Overview and Level Annotations

Branches:
Dungeon (11/15)            Temple (1/1) D:7            Lair (6/6) D:9
  Swamp (0/4) Lair:2       Spider (0/4) Lair:4          Orc (2/2) D:11
    Elf (0/3) Orc:2
  Slime: Lair:5-6

Altars:
Ashenzari
Cheibriados
Dithmenos
Elyvilon
Fedhas
Gozag
Hepliaklqana
Kikubaaqudgha
Makhleb
Nemelex Xobeh
Okawaru
Qazlal
Ru
Sif Muna
Trog
Uskayaw
Vehumet
Wu Jian
Xom
Yredelemnul
Zin
The Shining One

Shops:
D:9 :   D:10 }**   Orc:2 [:

Annotations:
Lair:5 exclusion: 4 oklob plants
Orc:2 Donald


Innate Abilities, Weirdness & Mutations

You are resistant to damage.
You can heal yourself by infusing magical energy.
You resist negative energy. (rN+)
You passively map the area around you.
You do not regenerate.
You have sharp toenails.
You are partially covered in iridescent scales. (AC +2)
Scrolls take you a little longer to read.
Your spells are a little harder to cast, but a little more powerful.


Message History

Donald freezes you. The orc warrior misses you.
Items here: ( )) [[ †† Donald blocks your attack.
You claw Donald, but do no damage.
Donald is moderately wounded.
Donald hits you with a demon trident of freezing!!
* * * LOW HITPOINT WARNING * * *
Donald freezes you!
* * * LOW HITPOINT WARNING * * *
Unknown command.
You hit Donald. You claw Donald, but do no damage.
Donald is moderately wounded.
The orc knight hits you with an arbalest!
* * * LOW HITPOINT WARNING * * *
You hit Donald but do no damage.
Donald is moderately wounded.
Donald barely misses you. The orc warrior completely misses you.
You impale Donald!! Your kick misses Donald.
Donald is heavily wounded.
Donald hits you with a demon trident of freezing!!
You die...

* .#* , , , ∩ , *... * ,
#####.## , , ###......#
* ,., , , ##.#..##.#*
#.., ,
##..(.....###*..(. , *
###...........#..... ,,
##...........)@.#....,,
, , *
##.........(.(@o..)((. ,
, #.............)o.(....
##.......##...........*
, ,
##.......#.......(.... *
,,..
#....÷<.####..........*
... ##....[[).#
........... ..
##..).[[.)[#............
, , .
........................
*, .P................,,
, .....


You could see Donald, an orc knight and an orc warrior.

Vanquished Creatures
  Gastronok (D:9)
  An orc warlord (Orc:2)
  The ghost of Apogee the Severer, a journeyman MiFi of Okawaru (Lair:3)
  A minotaur (Lab)
  Josephine (Orc:1)
  Erolcha (Orc:2)
  Erica (D:9)
  3 hydras
  5 two-headed ogres
  4 death yaks (Lair:6)
  The ghost of Azzok the Thaumaturge, a journeyman DEEn of Vehumet (Lair:1)
  An orc high priest (Orc:2)
  Nergalle (D:10)
  Urug (D:11)
  An unseen horror (D:11)
  An obsidian statue (Lair:1)
  3 orc knights
  A necromancer (IceCv)
  A cyclops (D:10)
  2 ugly things (D:11)
  4 orc sorcerers
  2 oklob plants (Lair:6)
  12 elephants
  Joseph (D:8)
  3 ice statues (IceCv)
  8 black mambas
  Psyche (D:8)
  A gargoyle (Volcano)
  3 rime drakes
  11 spiny frogs
  A kobold demonologist (D:9)
  A komodo dragon (Lair:4)
  9 ice devils (IceCv)
  A minotaur zombie (Lab)
  3 jumping spiders (Lair:4)
  4 trolls
  4 hornets
  3 tyrant leeches (Lair:2)
  4 polar bears
  4 hippogriffs
  A slime creature (D:10)
  14 blink frogs
  7 dream sheep (Lair:6)
  A vampire (D:10)
  4 wraiths (Orc:1)
  2 redbacks (Lair:4)
  18 spriggans
  3 wyverns
  37 yaks
  2 fire bats (Volcano)
  3 basilisks
  3 hungry ghosts
  4 wargs (Orc:2)
  A swamp worm (Lair:2)
  An acid dragon (D:9)
  13 water moccasins
  9 porcupines
  A hell hound (Volcano)
  21 orc warriors
  6 sky beasts
  9 black bears
  3 necrophages
  3 ice beasts
  4 ogres
  2 phantoms
  38 wolves
  3 boggarts (Lair:6)
  10 centaurs
  12 crocodiles
  4 big kobolds
  18 bullfrogs
  A wyvern skeleton (D:6)
  A water moccasin skeleton (D:9)
  5 scorpions
  2 howler monkeys
  An electric eel (Lair:1)
  5 crimson imps
  A bullfrog zombie (D:10)
  A quasit (D:10)
  2 centaur zombies
  A draconian simulacrum (IceCv)
  9 jellies
  3 bullfrog skeletons
  11 orc priests
  6 hounds
  A centaur skeleton (D:9)
  3 iguanas
  An iron imp (D:8)
  9 orc wizards
  7 worker ants
  A troll simulacrum (IceCv)
  3 spriggan simulacra (IceCv)
  2 centaur simulacra (IceCv)
  3 hound skeletons
  Robin (D:3)
  4 gnolls (D:2)
  20 adders
  An ogre simulacrum (IceCv)
  2 naga simulacra (IceCv)
  A shadow imp (D:9)
  2 oozes
  An adder zombie (D:9)
  An adder skeleton (D:5)
  A worm (D:4)
  A dart slug (D:3)
  4 leopard geckos
  54 orcs
  7 bats
  9 giant cockroaches
  12 goblins
  15 hobgoblins
  24 jackals
  29 kobolds
  3 quokkas
  A ball python (D:2)
  4 frilled lizards
  2 giant cockroach zombies (D:5)
  2 quokka zombies
  7 rats
  A plant (Lair:5)
657 creatures vanquished.

Vanquished Creatures (collateral kills)
  A hornet (Lair:6)
  4 wolves (Lair:6)
5 creatures vanquished.

Vanquished Creatures (others)
  Fannar (D:11)
  A two-headed ogre (Volcano)
  5 fungi
  2 plants
9 creatures vanquished.

Grand Total: 671 creatures vanquished

Notes
Turn   | Place    | Note
-------+----------+-------------------------------------------
     0 | D:1      | dvd the Deep Dwarf Berserker began the quest for the Orb.
     0 | D:1      | Reached XP level 1. HP: 20/20 MP: 1/1
   252 | D:1      | Reached XP level 2. HP: 21/27 MP: 2/2
  1139 | D:2      | Reached XP level 3. HP: 34/34 MP: 3/3
  1146 | D:2      | Reached skill level 1 in Throwing
  1385 | D:2      | Reached XP level 4. HP: 20/42 MP: 4/4
  1627 | D:2      | Reached ** piety under Trog
  2076 | D:3      | Reached XP level 5. HP: 20/49 MP: 5/5
  2286 | D:3      | Noticed Robin
  2298 | D:3      | Killed Robin
  2371 | D:3      | Reached skill level 1 in Maces & Flails
  2443 | D:3      | Reached *** piety under Trog
  2564 | D:3      | Reached XP level 6. HP: 41/56 MP: 6/6
  3038 | D:4      | Reached skill level 1 in Polearms
  3070 | D:4      | Reached XP level 7. HP: 40/63 MP: 7/7
  3199 | D:4      | Found a sacrificial altar of Ru.
  3438 | D:4      | Reached skill level 2 in Polearms
  3537 | D:5      | Entered Level 5 of the Dungeon
  3655 | D:5      | Noticed a wyvern
  3672 | D:5      | Killed a wyvern
  3672 | D:5      | Reached skill level 3 in Polearms
  3822 | D:5      | Reached XP level 8. HP: 68/72 MP: 8/8
  4076 | D:5      | Found a deep blue altar of Sif Muna.
  4179 | D:5      | Reached skill level 4 in Polearms
  4514 | D:5      | Noticed a troll
  4524 | D:5      | Killed a troll
  4524 | D:5      | Reached skill level 5 in Armour
  4524 | D:5      | Reached skill level 1 in Stealth
  4839 | D:6      | Reached skill level 5 in Polearms
  4932 | D:6      | Found a shattered altar of Ashenzari.
  5425 | D:6      | Reached skill level 5 in Fighting
  5617 | D:7      | Noticed a hippogriff
  5623 | D:7      | Reached skill level 6 in Polearms
  5623 | D:7      | Gained mutation: You passively map the area around you. [Deep Dwarf growth]
  5623 | D:7      | Reached XP level 9. HP: 78/81 MP: 9/9
  5756 | D:7      | Gained mutation: You are partially covered in icy blue scales. (AC +2) [mutagenic meat]
  5763 | D:7      | Lost mutation: You are partially covered in icy blue scales. (AC +2) [potion of mutation]
  5763 | D:7      | Gained mutation: You have sharp toenails. [potion of mutation]
  5763 | D:7      | Gained mutation: Your spells are a little harder to cast, but a little more powerful. [potion of mutation]
  5763 | D:7      | Gained mutation: Scrolls take you a little longer to read. [potion of mutation]
  5763 | D:7      | Gained mutation: You are partially covered in iridescent scales. (AC +2) [potion of mutation]
  5833 | D:7      | Reached **** piety under Trog
  5861 | D:7      | Found a basalt altar of Yredelemnul.
  5872 | D:7      | Reached skill level 7 in Polearms
  6075 | D:7      | Found a staircase to the Ecumenical Temple.
  6084 | Temple   | Entered the Ecumenical Temple
  6293 | D:8      | Got a shimmering lead amulet
  6294 | D:8      | Identified the amulet of Zuneysin {Gourm rPois} (You found it on level 8 of the Dungeon)
  6383 | D:8      | Received a gift from Trog
  6585 | D:8      | Reached XP level 10. HP: 87/91 MP: 10/10
  6626 | D:8      | Found a snail-covered altar of Cheibriados.
  6666 | D:8      | Noticed Joseph
  6689 | D:8      | Killed Joseph
  6689 | D:8      | Reached skill level 8 in Polearms
  6731 | D:8      | Noticed a two-headed ogre
  6745 | D:8      | Killed a two-headed ogre
  6829 | D:8      | Noticed Psyche
  6834 | D:8      | Killed Psyche
  7212 | D:9      | Noticed Erica
  7225 | D:9      | Reached skill level 9 in Polearms
  7226 | D:9      | Killed Erica
  7226 | D:9      | Reached skill level 5 in Dodging
  7301 | D:9      | Found a runed door.
  7526 | D:9      | Noticed a two-headed ogre
  7555 | D:9      | Killed a two-headed ogre
  7593 | D:9      | Found a runed door.
  7605 | D:9      | Reached XP level 11. HP: 99/99 MP: 11/11
  7626 | D:9      | Reached skill level 10 in Polearms
  7652 | D:9      | Found a staircase to the Lair.
  7794 | D:9      | Found a shimmering altar of Xom.
  7794 | D:9      | Found a glowing golden altar of the Shining One.
  7797 | D:9      | Received a gift from Trog
  7834 | D:9      | Found a runed door.
  7927 | D:9      | Noticed Gastronok
  7929 | D:9      | Found Jyruufil's Book Shop.
  7947 | D:9      | Killed Gastronok
  8031 | D:9      | Found an iron altar of Okawaru.
  8425 | D:10     | Entered Level 10 of the Dungeon
  8582 | D:10     | Noticed Nergalle
  8598 | D:10     | Killed Nergalle
  8598 | D:10     | Reached skill level 1 in Shields
  8601 | D:10     | Got a brightly glowing ring mail
  8618 | D:10     | Identified the cursed +1 ring mail of the Arcane {MR+ Dex+3} (You found it on level 10 of the Dungeon)
  8658 | D:10     | Found Docion's Assorted Antiques.
  8770 | D:10     | Noticed a two-headed ogre
  8806 | D:10     | Killed a two-headed ogre
  8852 | D:10     | Reached skill level 11 in Polearms
  8902 | D:10     | Found Alodwuez's General Store.
  8969 | D:10     | Found a shattered altar of Ashenzari.
  9087 | D:10     | Found Epoal's Gadget Boutique.
  9225 | D:10     | Noticed a two-headed ogre
  9231 | D:10     | Killed a two-headed ogre
  9513 | D:11     | Found a staircase to the Orcish Mines.
  9561 | D:11     | Reached skill level 5 in Throwing
  9713 | D:11     | Reached XP level 12. HP: 90/110 MP: 12/12
  9909 | D:11     | Noticed Fannar
  9919 | D:11     | Killed Fannar
 10127 | D:11     | Noticed a six-headed hydra
 10134 | D:11     | Killed a six-headed hydra
 10193 | D:11     | Noticed Urug
 10215 | D:11     | Killed Urug
 10451 | Lair:1   | Entered Level 1 of the Lair of Beasts
 10476 | Lair:1   | Noticed Azzok's ghost (journeyman DEEn)
 10499 | Lair:1   | Killed Azzok's ghost
 10504 | Lair:1   | Found a labyrinth entrance.
 10525 | Lair:1   | Reached skill level 12 in Polearms
 10568 | Lab      | Entered a labyrinth
 10662 | Lab      | Noticed a minotaur
 10669 | Lab      | Killed a minotaur
 10717 | Lab      | Got faintly humming fire dragon scales
 10717 | Lab      | Got a jewelled chain mail
 10753 | Lab      | Identified the cursed +0 chain mail of Qeasa {rElec rN++ Regen+ Dex-3} (You found it in a labyrinth)
 10783 | Lab      | Identified the +3 fire dragon scales of Amma {rF++ rC- Int+4 Dex+3} (You found it in a labyrinth)
 11292 | Lair:1   | Reached skill level 5 in Shields
 11623 | Lair:2   | Found a glowing golden altar of the Shining One.
 12141 | Lair:2   | Found a staircase to the Swamp.
 12528 | Lair:3   | Noticed an eight-headed hydra
 12537 | Lair:3   | Killed an eight-headed hydra
 12537 | Lair:3   | Reached XP level 13. HP: 76/121 MP: 13/13
 12805 | Lair:3   | Noticed Apogee's ghost (journeyman MiFi)
 12827 | Lair:3   | Killed Apogee's ghost
 13621 | Lair:4   | Found a dark tunnel.
 13628 | Volcano  | Entered a volcano
 13756 | Volcano  | Reached skill level 10 in Armour
 13762 | Volcano  | Reached skill level 5 in Axes
 14040 | Lair:4   | Reached ***** piety under Trog
 14112 | Lair:4   | Received a gift from Trog
 14142 | Lair:4   | Reached skill level 13 in Polearms
 14333 | Lair:4   | Found a hole to the Spider Nest.
 15582 | Lair:5   | Reached skill level 1 in Evocations
 15677 | Lair:5   | Got a translucent mace
 15678 | Lair:5   | Identified the +7 mace "Locarphe" {crush, +Fly rF+} (You found it on level 5 of the Lair of Beasts)
 16111 | Lair:5   | Reached skill level 10 in Fighting
 16285 | Lair:6   | Entered Level 6 of the Lair of Beasts
 16458 | Lair:6   | Gained mutation: You resist negative energy. (rN+) [Deep Dwarf growth]
 16458 | Lair:6   | Reached XP level 14. HP: 132/132 MP: 14/14
 16627 | Lair:6   | Received a gift from Trog
 16722 | Lair:6   | Got a warped quarterstaff
 16723 | Lair:6   | Identified the +2 quarterstaff of Ywuguni {holy, rElec rF+++ Int-3 Dex+2} (You found it on level 6 of the Lair of Beasts)
 16811 | Lair:6   | Reached skill level 14 in Polearms
 16908 | Lair:6   | Reached skill level 1 in Staves
 17528 | Lair:6   | Received a gift from Trog
 18582 | Orc:1    | Entered Level 1 of the Orcish Mines
 18720 | Orc:2    | Entered Level 2 of the Orcish Mines
 18742 | Orc:2    | Found a frozen archway.
 18757 | IceCv    | Entered an ice cave
 18997 | IceCv    | Got a shimmering chain mail
 19017 | IceCv    | Identified the +1 chain mail of Resonance {Dex+4} (You found it in an ice cave)
 19029 | IceCv    | Got an ebony long sword
 19030 | IceCv    | Identified the +5 long sword of the Volcano {flame, Str+3} (You found it in an ice cave)
 19268 | Orc:2    | Noticed Erolcha
 19273 | Orc:2    | Killed Erolcha
 19274 | Orc:2    | Found Casacosa's Book Shoppe.
 19731 | Orc:1    | Noticed Josephine
 19752 | Orc:1    | Killed Josephine
 19799 | Orc:1    | Received a gift from Trog
 19904 | Orc:2    | Found Odimmeb's Antique Armour Shop.
 20000 | Orc:2    | Bought a jacinth-encrusted scale mail for 225 gold pieces
 20010 | Orc:2    | Identified the +5 scale mail of the Enchanted Forest {rN+ Str+2} (You bought it in a shop on level 2 of the Orcish Mines)
 20020 | Orc:2    | Bought a twisted ring mail for 225 gold pieces
 20038 | Orc:2    | Identified the +1 ring mail of Jiaruap {rN+ MR+ Int-5 Dex+4} (You bought it in a shop on level 2 of the Orcish Mines)
 20068 | Orc:2    | Reached XP level 15. HP: 111/141 MP: 15/15
 20106 | Orc:2    | Noticed an orc warlord
 20109 | Orc:2    | Noticed Donald
 20127 | Orc:2    | Killed an orc warlord
 20139 | Orc:2    | Slain by Donald

Vault maps used:
D:1:      dpeg_arrival_castle
D:2:      minmay_strange_pillars
D:3:      serial_corexii_hall, corexii_hall_statues_l, corexii_hall_statues_i,
          uniq_robin
D:4:      first_bread, nicolae_ru_great_annihilating_truth
D:5:      lemuel_blue_sif_altar
D:6:      nicolae_overflow_crystal_walls, minmay_holes, solitary_fountain,
          hangedman_abyss_or_decor_slice
D:7:      yredelemnul_altar_generic, minmay_temple_entry_grid, the_bakery
D:8:      slow_altar_1, uniq_psyche, uniq_joseph
D:9:      cheibrodos_histonic, chequers_temple_overflow_statue_of_worship,
          nicolae_overflow_hidden_temple, serial_shops, nicolae_shop_waterfront,
          minmay_st_funbox, grunt_ministairs_12, uniq_erica, uniq_gastronok,
          uniq_grum
D:10:     minmay_distorted_concentric_squares, basic_altar, serial_shops,
          nicolae_shop_overgrown_old_shop, nicolae_shop_trees, shop_statue,
          uniq_nergalle
D:11:     orc_0_dummy, uniq_urug, uniq_fannar
Temple:   nicolae_temple_x_marks_the_god
Lair:1:   statuecave_lemuel, lab_entry_generic
Lair:2:   minmay_swamp_entry_worms, basic_altar
Lair:3:   grunt_megastairs_5, serial_bayou_shore_a
Lair:4:   nicolae_spider_entry_tight_spaces, nicolae_volcano_entry_s_turn,
          grunt_megastairs_1
Lair:5:   minmay_slime_entry_oklob_open, serial_forest,
          infiniplex_forest_lined_3, infiniplex_forest_lined_room_2,
          infiniplex_forest_lined_3, infiniplex_forest_straight_5
Lair:6:   minmay_lair_end_enchanted_forest, dpeg_oklob_1,
          infiniplex_staircase_pool, grunt_megastairs_3
Orc:1:    uniq_josephine
Orc:2:    grunt_orc_gardens, grunt_orc_garden, grunt_orc_garden,
          grunt_orc_garden, grunt_orc_garden, portal_ice_cave_rime,
          uniq_erolcha, uniq_donald
Lab:      labyrinth_hidden_loot
IceCv:    ice_cave_tombish
Volcano:  volcano_village

Skill      XL: |  1  2  3  4  5  6  7  8  9 10 11 12 13 14 |
---------------+-------------------------------------------+-----
Fighting       | 3 4 5 6 8 9 10 11 | 11.1
Axes           | 4 5 7 |  7.7
Throwing       | 1 3 4 5 6 8 9 |  9.3
Dodging        | 3 4 5 6 7 8 |  8.8
Armour         | 3 4 5 8 9 10 11 | 11.3
Maces & Flails | 1 2 |  2.6
Polearms       | 1 3 6 7 9 11 12 13 14 | 14.3
Stealth        | 1 2 3 |  3.6
Shields        | 2 5 |  5.0
Evocations     | 1 |  1.3
Staves         | 2 |  2.4

Action                   |  1- 3 |  4- 6 |  7- 9 | 10-12 | 13-15 || total
-------------------------+-------+-------+-------+-------+-------++-------
Melee: Hand axe          |    82 |   103 |       |       |       ||   185
       Whip              |       |    98 |       |       |       ||    98
       Trident           |       |    52 |   313 |   605 |   460 ||  1430
       Quarterstaff      |       |     4 |       |       |    34 ||    38
       Kick              |       |       |    34 |   259 |   339 ||   632
       Halberd           |       |       |       |   110 |   290 ||   400
       Battleaxe         |       |       |       |       |   111 ||   111
Throw: Stone             |    21 |    33 |    14 |     7 |       ||    75
       Tomahawk          |       |     2 |    43 |    35 |    43 ||   123
       Javelin           |       |       |       |    61 |   184 ||   245
Invok: Berserk           |     3 |     3 |     1 |    11 |    19 ||    37
       Trog's Hand       |       |     9 |     8 |    29 |    36 ||    82
       Burn Spellbooks   |       |       |     3 |     3 |     1 ||     7
       Brothers in Arms  |       |       |       |       |     1 ||     1
 Abil: Heal Wounds       |     1 |       |       |       |       ||     1
Evoke: Wand              |       |       |       |     1 |     5 ||     6
       Lightning rod     |       |       |       |       |     4 ||     4
  Use: Potion            |       |     2 |     8 |     1 |     8 ||    19
       Scroll            |       |       |    15 |    16 |    12 ||    43
 Stab: Sleeping          |     1 |       |       |       |       ||     1
       Paralysed         |       |       |     1 |       |       ||     1
       Distracted        |       |       |       |     1 |     1 ||     2
       Invisible         |       |       |       |       |     2 ||     2
  Eat: Chunk             |     4 |    12 |    24 |    59 |    56 ||   155
       Royal jelly       |       |       |     1 |     1 |       ||     2
Armor: Animal skin       |     9 |       |       |       |       ||     9
       Ring mail         |     6 |    70 |       |    97 |       ||   173
       Chain mail        |       |    34 |    58 |       |       ||    92
       Scale mail        |       |       |   102 |   137 |       ||   239
       Fire dragon scale |       |       |       |    40 |   376 ||   416
       Plate armour      |       |       |       |       |    47 ||    47
Dodge: Dodged            |    46 |   196 |   160 |   287 |   569 ||  1258
Block: Shield            |       |       |       |   126 |       ||   126
